 Dungeon Crawl Stone Soup version 0.31-a0-1172-g9944ec47dd (webtiles) character file.

Game seed: 10491425724526139300

256 backslashecho the Changeling (level 6, -4/47 HPs)
             Began as a Meteoran Shapeshifter on Dec 11, 2023.
             Was a Follower of Qazlal.
             Shot with an arrow by a centaur (18 damage)
             ... on level 4 of the Dungeon.
             The game lasted 00:06:15 (1663 turns).

backslashecho the Changeling (MeSh)                 Turns: 1663, Time: 00:06:16

Health: -4/47      AC:  2    Str: 16    XL:     6   Next: 67%
Magic:  7/7        EV: 12    Int: 11    God:    Qazlal [*.....]
Gold:   98         SH:  2    Dex: 16    Spells: 5/5 levels left

rFire   . .          .
                       - Unarmed
rCold   . . .        (no shield)
rNeg    . . .        a - +0 animal skin
rPois   .            (helmet currently unavailable)
rElec   .            (cloak currently unavailable)
rCorr   .            (gloves currently unavailable)
SInv    .            (boots currently unavailable)
Will    .....        (no amulet)
Stlth   +            (no ring)
HPRegen 0.27/turn    (no ring)
MPRegen 0.10/turn

%: no passive effects
@: beast-form, glowing
A: beast (slay +3), sense surroundings 1, otherworldly, glowing, explore regen
a: Begin Untransformation, Renounce Religion


You were on level 4 of the Dungeon.
You worshipped Qazlal.
Qazlal was aware of your devotion.
You were a hulking beast.
You visited 1 branch of the dungeon, and saw 4 of its levels.

You collected 98 gold pieces.

Inventory:

Armour
 a - a +0 animal skin (worn)
 b - a +0 buckler
 i - a +2 pair of gloves
Talismans
 c - a beast talisman
 d - a flux talisman
 o - a maw talisman
Scrolls
 e - 2 scrolls of teleportation {unknown}
 f - 2 scrolls of identify {unknown}
 g - 2 scrolls of fog {unknown}
 h - a scroll of noise {unknown}
 k - 2 scrolls of enchant armour {unknown}
 l - a scroll of enchant weapon {unknown}
 m - a scroll of revelation {unknown}
 n - a scroll of blinking {unknown}


   Skills:
 + Level 1.2 Fighting
 - Level 2.1 Dodging
 - Level 5.4 Unarmed Combat
 * Level 6.5 Shapeshifting


You had 5 spell levels left.
You didn't know any spells.
Your spell library was empty.

Dungeon Overview and Level Annotations

Branches:
Dungeon (4/15) Zot: 741
 Temple: D:4-7

Altars:
Fedhas
Qazlal
Sif Muna

Annotations:
D:3 exclusion: oklob plant


Innate Abilities, Weirdness & Mutations

You are a hulking beast.
Your limbs bulge with bestial killing power. (Slay +3)
You passively map a small area around you.
You are easily found by Zot.
You glow in the dark.
You regain HP and MP as you explore.


Message History

Qazlal accepts your kill.
The orc wizard mumbles some strange words.
The orc wizard flickers and vanishes!
Deactivating autopickup; reactivate with Ctrl-A.
You barely miss the orc. You barely miss something. You hit something.
Something barely misses you.
You punch the orc!
You kill the orc!
Qazlal accepts your kill.
The orc throws a boomerang.
The boomerang hits you but does no damage.
The goblin misses you.
Items here: )) [ †.
Something hits you but does no damage. The orc hits you with a +0 hand axe.
The goblin hits you with a +0 dagger.
Things that are here:
a +0 morningstar; a +0 flail; a +0 ring mail You take 7 damage, and have 40/47 hp.
You block the orc's attack. The goblin hits you but does no damage.
Something hits you.
You take 1 damage, and have 39/47 hp.
You barely miss the orc. The goblin hits you with a +0 dagger.
The orc hits you with a +0 hand axe.
You take 4 damage, and have 35/47 hp.
You punch the orc!
You kill the orc!
Qazlal accepts your kill. Something hits you.
The goblin hits you with a +0 dagger.
You take 6 damage, and have 29/47 hp.
You closely miss the phantom.
You punch the phantom, but do no damage.
The phantom barely misses you.
You hear some strange, mumbled words.
A puff of flame appears from out of thin air!
The puff of flame hits you! The goblin misses you.
You take 10 damage, and have 19/47 hp.
MASSIVE DAMAGE!!
It was a potion of curing.
You feel better. The phantom barely misses you. Something hits you.
The goblin closely misses you.
You regained 9 hp, and now have 28/47 hp.
You hit something. Your punch misses something. The phantom hits you.
The phantom blinks!
You blink.
A centaur comes into view.
Found a book of Fire.
Found a stone staircase leading down.
The centaur shouts!
The centaur wields a +0 orcbow.
The centaur shoots an arrow.
The arrow hits you! The phantom hits you.
* * * LOW HITPOINT WARNING * * *
The centaur shoots an arrow.
The arrow hits you!!
You die...

........,,,,
###{g.# ,,
.......... ,
#.{§#.# *..>..
...#*
####o###.#*
..... ...,
.....:. . *
#..##.....>#
*##* ,*
...........*
##.#........
##..#W.......,
#...h.........*
*
#...##..........
...*
*##.........* .
* ##.......#
#.........
#....c....
#.........
#.<.......
#.........


You could see a phantom, a centaur and an orc.

Vanquished Creatures
  A sky beast (D:4)
  2 hounds (D:4)
  An orc wizard (D:3)
  3 adders
  A worm (D:3)
  8 orcs
  7 bats
  4 endoplasms
  A giant cockroach (D:4)
  2 goblins
  3 hobgoblins
  2 kobolds
  2 quokkas (D:1)
  4 ball pythons
  3 frilled lizards
  2 rats
46 creatures vanquished.

Notes
Turn   | Place    | Note
-------+----------+-------------------------------------------
     0 | D:1      | backslashecho the Meteoran Shapeshifter began the quest for
                  | the Orb.
     0 | D:1      | Reached XP level 1. HP: 16/16 MP: 2/2
    91 | D:1      | Reached XP level 2. HP: 22/23 MP: 3/3
   141 | D:1      | Reached skill level 4 in Shapeshifting
   853 | D:2      | Reached XP level 3. HP: 24/28 MP: 4/4
   977 | D:3      | Found a blossoming altar of Fedhas.
   997 | D:3      | Noticed an oklob plant
  1110 | D:3      | Reached XP level 4. HP: 13/35 MP: 5/5
  1130 | D:3      | HP: 1/35 [something (3)]
  1137 | D:3      | HP: 2/52 [something/magic dart (1)]
  1139 | D:3      | Reached skill level 5 in Shapeshifting
  1192 | D:4      | Noticed a phantom
  1236 | D:3      | Found a shimmering blue altar of Sif Muna.
  1253 | D:3      | Reached XP level 5. HP: 40/40 MP: 6/6
  1260 | D:3      | Found a faded altar of an unknown god.
  1281 | D:3      | Prayed at the altar of an unknown god.
  1281 | D:3      | Became a worshipper of Qazlal Stormbringer
  1281 | D:3      | Reached * piety under Qazlal
  1449 | D:4      | Reached skill level 5 in Unarmed Combat
  1478 | D:4      | Noticed a sky beast
  1491 | D:4      | Killed a sky beast
  1492 | D:4      | Reached skill level 6 in Shapeshifting
  1492 | D:4      | Reached XP level 6. HP: 8/47 MP: 7/7
  1662 | D:4      | Noticed a centaur
  1663 | D:4      | Shot with an arrow by a centaur

Illustrated notes

Levels and vault maps discovered:
D:1:      dpeg_arrival_refuge, layout_basic, minmay_misc_feat_nine_boxes
D:2:      layout_loops_corners
D:3:      layout_rooms, old_standard_altar, tgw_fedhas,
          chequers_ecumenical_altar_island, grunt_decor_clamped,
          nicolae_twisty_statue_hallways
D:4:      layout_rooms, grunt_temple_overflow_gold_and_silver

Skill      XL: |  1  2  3  4  5 |
---------------+----------------+-----
Shapeshifting  | 4 5 6 |  6.5
Unarmed Combat | 4 5 |  5.4
Fighting       | |  1.2
Dodging        | |  2.1

Action                     |  1- 3 |  4- 6 || total
---------------------------+-------+-------++-------
  Melee: Unarmed           |    66 |    86 ||   152
         Punch             |       |     1 ||     1
    Use: Potion            |       |     3 ||     3
 Armour: Animal skin       |    45 |    61 ||   106
         Skin              |       |    21 ||    21
  Dodge: Dodged            |    41 |    47 ||    88
  Block: Other             |       |     3 ||     3

Table legend: (Time is in decaauts)
 A = Elapsed time spent in this place.
 B = Non-inter-level travel time spent in this place.
 C = Inter-level travel time spent in this place.
 D = Time resting spent in this place.
 E = Time spent auto-exploring this place.
 F = Levels seen in this place.
 G = Mean time per level.
                   A        B        C        D        E       F      G
               +--------+--------+--------+--------+--------+-----+--------+
         Total |   1658 |   1561 |     97 |    198 |    725 |   4 |  414.5 |
       Dungeon |   1658 |   1561 |     97 |    198 |    725 |   4 |  414.5 |
               +--------+--------+--------+--------+--------+-----+--------+

Top non-repeatable levels by time:
     D:2: 612 daAuts
     D:3: 488 daAuts
     D:1: 321 daAuts
     D:4: 235 daAuts
